AoeStats
← CrazyBen

Arena

508683905Analyzed
4v4 RM · 8d ago on Sep 23, 2026· 41m 14s· 8 players
Game mode
Random Map
Map size
Large (8 player)
Population
200
Speed
Normal
Resources
Standard
Victory
Conquest
Starting age
Dark Age
Ending age
Imperial Age
RankedLock teamsTeams togetherTeam positionsShared explorationLock speedFull tech treeHidden civsTurbo modeCheats
Victory
Defeat
🇨🇳 Danes · China
1618
+9
🇨🇳 Saxons · China
1435
+16
🇨🇳 Franks · China
1400
+18
🇨🇳 Saxons · China
1374
+18
🇦🇷 Teutons · Argentina
1517
-18
🇫🇷 Japanese · France
1481
-17
🇳🇱 Cumans · Netherlands
1384
-13
🇳🇱 Danes · Netherlands
1384
-13
.
10:49 Feudal Age
11:26 Double-Bit Axe
14:24 Castle Age
15:23 Bow Saw
16:25 Wheelbarrow
23:01 Hand Cart
23:29 Gold Mining
23:29 Stone Mining
25:10 Loom
25:32 Scale Barding Armor
25:24 Town Watch
28:18 Imperial Age
26:35 Chain Barding Armor
26:26 Forging
27:28 Forging
27:40 Husbandry
29:01 Iron Casting
29:27 Gold Shaft Mining
29:50 Plate Barding Armor
28:36 Cavalier
29:36 Conscription
29:32 Chivalry
31:01 Blast Furnace
30:55 Paladin
33:39 Chemistry
32:19 Treadmill Crane
33:19 Fletching
34:00 Coinage
33:33 Town Patrol
34:31 Bow Saw
34:29 Caravan
35:30 Banking
35:00 Bodkin Arrow
38:19 Ballistics
38:10 Masonry
38:05 Siege Engineers
37:55 Murder Holes
41:51 Scale Mail Armor
41:51 Padded Archer Armor
杯杯
10:41 Feudal Age
11:36 Double-Bit Axe
14:40 Castle Age
15:51 Bow Saw
16:20 Wheelbarrow
22:18 Gold Mining
23:35 Stone Mining
27:59 Imperial Age
26:01 Padded Archer Armor
25:51 Fletching
27:21 Leather Archer Armor
26:37 Crossbowman
27:22 Thumb Ring
27:09 Town Watch
27:41 Hand Cart
27:58 Loom
28:51 Bodkin Arrow
29:21 Conscription
29:48 Ring Archer Armor
28:52 Arbalester
30:26 Bracer
31:33 Chemistry
30:53 Ballistics
32:02 Town Patrol
32:34 Guard Tower
32:34 Arrowslits
32:34 Treadmill Crane
34:10 Capped Ram
35:03 Siege Ram
羽落千叶
10:05 Feudal Age
13:49 Castle Age
12:34 Double-Bit Axe
13:32 Loom
23:04 Wheelbarrow
22:47 Bow Saw
24:56 Town Watch
27:28 Gold Mining
31:48 Imperial Age
29:38 Hand Cart
29:51 Fletching
30:01 Padded Archer Armor
30:45 Ballistics
30:31 Bodkin Arrow
30:05 Crossbowman
34:02 Chemistry
33:13 Bracer
32:58 Heavy Mounted Crossbowman
33:32 Cranequins
35:18 Thumb Ring
38:57 Gold Shaft Mining
38:59 Bloodlines
38:49 Husbandry
39:33 Leather Archer Armor
41:10 Capped Ram
南良千奈
10:27 Feudal Age
11:06 Double-Bit Axe
14:06 Castle Age
12:42 Horse Collar
13:38 Scale Mail Armor
21:14 Bow Saw
24:48 Squires
25:07 Chain Mail Armor
25:58 Wheelbarrow
25:44 Heavy Plow
28:43 Forging
29:19 Gold Mining
30:11 Loom
31:56 Fletching
35:34 Hand Cart
35:16 Stone Mining
39:24 Imperial Age
37:33 Stone Shaft Mining
37:54 Iron Casting
37:59 Arson
37:38 Hamask
39:31 Elite Varangian Guard
39:57 Capped Ram
41:32 Plate Mail Armor
Zilvervloot
10:17 Feudal Age
10:53 Horse Collar
11:27 Double-Bit Axe
17:27 Castle Age
16:03 Wheelbarrow
15:53 Stone Mining
17:38 Gold Mining
20:33 Bow Saw
21:47 Heavy Plow
24:20 Gold Shaft Mining
24:31 Wheelbarrow
25:53 Hand Cart
25:24 Loom
25:26 Town Watch
28:58 Imperial Age
26:28 Fletching
27:27 Steppe Husbandry
27:31 Bodkin Arrow
27:37 Padded Archer Armor
27:59 Ballistics
27:52 Masonry
28:14 Thumb Ring
29:26 Bloodlines
29:26 Elite Kipchak
30:29 Conscription
31:27 Chemistry
31:03 Parthian Tactics
31:12 Leather Archer Armor
33:16 Light Cavalry
34:04 Scale Barding Armor
34:30 Ring Archer Armor
35:25 Chain Barding Armor
34:38 Hussar
36:48 Plate Barding Armor
36:24 Forging
38:56 Iron Casting
CansadoTarde
6:36 Loom
8:46 Feudal Age
9:23 Double-Bit Axe
10:16 Horse Collar
21:09 Castle Age
23:04 Town Watch
34:43 Bow Saw
34:37 Heavy Plow
35:59 Wheelbarrow
35:52 Gold Mining
40:34 Imperial Age
39:14 Bloodlines
39:30 Scale Barding Armor
40:14 Forging
40:51 Chain Barding Armor
CrazyBen
11:42 Feudal Age
12:16 Double-Bit Axe
12:15 Horse Collar
15:29 Castle Age
15:52 Wheelbarrow
16:26 Bow Saw
16:44 Heavy Plow
20:17 Scale Mail Armor
21:58 Chain Mail Armor
23:19 Forging
23:19 Squires
25:30 Arson
27:34 Iron Casting
31:15 Imperial Age
29:40 Hand Cart
29:11 Loom
32:29 Plate Mail Armor
31:31 Elite Samurai
32:09 Pikeman
33:23 Halberdier
34:34 Fletching
35:59 Yasama
35:55 Bodkin Arrow
36:05 Guard Tower
37:20 Chemistry
36:48 Conscription
37:14 Bracer
37:45 Ballistics
38:12 Padded Archer Armor
39:19 Gambesons
38:55 Man-at-Arms
39:57 Long Swordsman
CallMePinda
11:06 Feudal Age
15:25 Castle Age
13:20 Double-Bit Axe
13:20 Horse Collar
16:17 Bow Saw
19:16 Loom
20:21 Wheelbarrow
22:03 Heavy Plow
24:34 Gold Mining
25:09 Loom
26:36 Town Watch
27:07 Hand Cart
30:49 Imperial Age
29:26 Scale Mail Armor
29:35 Squires
29:22 Arson
30:32 Gold Shaft Mining
30:37 Chain Mail Armor
30:33 Forging
30:10 Gambesons
30:58 Northmen's Fury
31:58 Conscription
32:15 Masonry
32:45 Plate Mail Armor
32:47 Onager
34:19 Iron Casting
34:23 Siege Engineers
35:14 Elite Varangian Guard
38:26 Hamask
Connection lost

Rejoining the realm…

Still unreachable

The connection could not be restored.

Session expired

The server has moved on; the page needs a fresh start.